 Dungeon Crawl Stone Soup version 0.29-a0-925-g0a7a3d12f8 (webtiles) character file.

Game seed: 11930270118942936441

331 gruber the Conjurer (level 6, -5/45 HPs)
             Began as a Draconian Conjurer on July 24, 2022.
             Slain by Edmund
             ... wielding a +4 flail of protection
              (10 damage)
             ... on level 4 of the Dungeon on July 28, 2022.
             The game lasted 00:03:48 (4188 turns).

gruber the Conjurer (Draconian Conjurer)            Turns: 4188, Time: 00:03:48

Health: -5/45      AC:  6    Str:  9    XL:     6   Next: 26%
Magic:  0/10       EV: 12    Int: 21    God:
Gold:   239        SH:  0    Dex:  9    Spells: 4/11 levels left

rFire   . . .      SeeInvis .   c - +1 morningstar (holy)
rCold   . . .      Faith    .   (no shield)
rNeg    . . .      Spirit   .   (body armour unavailable)
rPois   .          Reflect  .   (helmet restricted)
rElec   .          Harm     .   (no cloak)
rCorr   +          Rampage  .   (no gloves)
Will    .....                   (no boots)
Stlth   ++........              (no amulet)
HPRegen 0.15/turn               l - ring of flight
MPRegen 0.12/turn               f - ring of resist corrosion

@: flying
A: AC +6, unfitting armour, cold-blooded
a: no special abilities


You were on level 4 of the Dungeon.
You visited 1 branch of the dungeon, and saw 4 of its levels.

You collected 239 gold pieces.

Inventory:

Hand Weapons
 c - a +1 morningstar of holy wrath (weapon)
Jewellery
 f - a ring of resist corrosion (right hand)
 l - a ring of flight (left hand)
Scrolls
 b - a scroll of enchant armour {unknown}
 d - a scroll of magic mapping {unknown}
 j - 5 scrolls of identify {unknown}
 k - a scroll of amnesia {unknown}
 m - a scroll of silence {unknown}
 n - a scroll of poison {unknown}
 p - a scroll of fear {unknown}
 q - a scroll of vulnerability {unknown}
 s - a scroll of fog {unknown}
 t - 2 scrolls of teleportation {unknown}
Potions
 a - 2 potions of magic
 e - a potion of curing
 g - a potion of flight {unknown}
 h - a potion of berserk rage {unknown}
 i - 2 potions of resistance {unknown}
 o - a potion of ambrosia {unknown}
 r - a potion of degeneration {unknown}


   Skills:
 - Level 1.7 Dodging
 - Level 1.7 Stealth
 - Level 3.0 Spellcasting
 * Level 6.2 Conjurations
 - Level 3.0 Hexes


You had 4 spell levels left.
You knew the following spells:

 Your Spells              Type           Power      Damage    Failure   Level
a - Magic Dart            Conj           100%       1d8       1%          1
b - Searing Ray           Conj           58%        2d6       1%          2
c - Fulminant Prism       Conj/Hex       11%        3d9       21%         4

Your spell library contained the following spells:

 Spells                   Type           Power      Damage    Failure   Level
 Dazzling Flash           Conj/Hex       44%        N/A       6%          3
 Iskenderun's Mystic Bla  Conj/Tloc      16%        2d5       36%         4


Dungeon Overview and Level Annotations

Branches:
Dungeon (4/15)
 Temple: D:4-7

Altars:
Xom

Annotations:
D:1 1 transporter
D:4 Edmund


Innate Abilities, Weirdness & Mutations

Your plain brown scales are hard. (AC +6)
You cannot fit into any form of body armour.
You are cold-blooded and may be slowed by cold attacks.


Message History

Press: ? - help, Shift-Dir - straight line, f/p - Edmund
Aim: Edmund, wielding a +4 flail of protection and wearing a +0 chain mail (severely wounded, poisoned, 61% to hit)
You throw a poisoned dart.
The poisoned dart closely misses Edmund.
Edmund completely misses you.
Unknown command.
Throw: dart (poison)
Press: ? - help, Shift-Dir - straight line, f/p - Edmund
Aim: Edmund, wielding a +4 flail of protection and wearing a +0 chain mail (severely wounded, poisoned, 61% to hit)
You throw a poisoned dart. The poisoned dart barely misses Edmund.
Edmund hits you with a +4 flail of protection!
Unknown command.
Unknown command.
Casting: Fulminant Prism (quite dangerous; 21% risk of failure)
Confirm with . or Enter, or press ? or * to list all spells.
Aiming: Searing Ray (safe; 1% risk of failure)
Press: ? - help, Shift-Dir - straight line, f/p - Edmund
Aim: Edmund, wielding a +4 flail of protection and wearing a +0 chain mail (severely wounded, poisoned, 85% to hit)
The searing ray hits Edmund but does no damage.
Edmund is severely wounded. (Press . to maintain the ray.) Edmund barely misses you.
Unknown command.
The searing ray hits Edmund but does no damage.
Edmund is severely wounded.
Edmund hits you with a +4 flail of protection!
Unknown command.
Unknown command.
The searing ray hits Edmund but does no damage.
Edmund is severely wounded.
Edmund hits you with a +4 flail of protection.
Unknown command.
Unknown command.
Unknown command.
You closely miss Edmund.
Edmund is severely wounded.
Edmund hits you with a +4 flail of protection!
* * * LOW HITPOINT WARNING * * *
Edmund hits you with a +4 flail of protection!
You die...

##.## ##......###......## ##...##
##......# ##.....## ##.(...###
#..##...## #....### .........##
##.####...###....# #
..........####..# ##..##.....#
...............## ##........#
...............### #...)....###
.................## ##..........
........<(.....@@.#####..........
..............###........##..####
.............## ##......####..#
........##...# #..#...# #..#
.............# #..#...# #..###
.###.........## #..#..## ##...#
##..(......# #..#..# #....
##.....##..# #..#..# ##<.##
#....## #...#.....## ##..##


You could see Edmund (poisoned).

Vanquished Creatures
  An ogre (D:4)
  An iguana (D:4)
  7 adders
  6 gnolls (D:2)
  An ufetubus (D:3)
  10 ball pythons
  7 endoplasms
  7 giant cockroaches
  11 goblins
  4 hobgoblins
  6 jackals (D:3)
  3 quokkas
  9 bats
  6 frilled lizards
  13 kobolds
  9 rats
101 creatures vanquished.

Vanquished Creatures (others)
  2 fulminant prisms (D:4)
2 creatures vanquished.

Grand Total: 103 creatures vanquished

Notes
Turn   | Place    | Note
-------+----------+-------------------------------------------
     0 | D:1      | gruber the Draconian Conjurer began the quest for the Orb.
     0 | D:1      | Reached XP level 1. HP: 14/14 MP: 3/3
   196 | D:1      | Reached XP level 2. HP: 20/20 MP: 1/5
   196 | D:1      | Upgraded the game from 0.29-a0-902-g0f71de6fce to
                  | 0.29-a0-925-g0a7a3d12f8
   268 | D:1      | Found a faded altar of an unknown god.
  1112 | D:2      | Reached XP level 3. HP: 26/26 MP: 4/6
  1117 | D:2      | Learned a level 2 spell: Searing Ray
  1162 | D:2      | Reached skill level 5 in Conjurations
  1320 | D:2      | Reached XP level 4. HP: 30/33 MP: 2/7
  1937 | D:2      | Found a shimmering altar of Xom.
  2094 | D:2      | Reached skill level 6 in Conjurations
  2094 | D:2      | Reached XP level 5. HP: 38/38 MP: 5/9
  2351 | D:2      | Learned a level 4 spell: Fulminant Prism
  2708 | D:3      | Reached skill level 1 in Hexes
  3164 | D:4      | Noticed an ogre
  3169 | D:4      | Killed an ogre
  3170 | D:4      | Reached XP level 6. HP: 45/45 MP: 3/10
  3418 | D:4      | Noticed Edmund
  4188 | D:4      | Slain by Edmund

Illustrated notes

Levels and vault maps discovered:
D:1:      spicycebolla_arrival_risky_transporter, layout_rooms,
          shapermc_ecumenical_altar_pompeii, minivault_19
D:2:      layout_rooms, basic_altar
D:3:      layout_rooms, kennysheep_big_empty_room
D:4:      layout_layer_cave, overflow_temple_1_default, uniq_edmund,
          uniq_blork_the_orc

Skill      XL: |  1  2  3  4  5  6 |
---------------+-------------------+-----
Conjurations   | 5 6 |  6.2
Spellcasting   | 3 |  3.0
Hexes          | 2 3 |  3.0
Dodging        | |  1.7
Stealth        | |  1.7

Action                   |  1- 3 |  4- 6 || total
-------------------------+-------+-------++-------
Melee: Unarmed           |    14 |       ||    14
       Tailslap          |     3 |     1 ||     4
       Morningstar       |     4 |    24 ||    28
Throw: Dart              |       |     4 ||     4
 Cast: Magic Dart        |    63 |   115 ||   178
       Searing Ray       |     3 |     4 ||     7
       Fulminant Prism   |       |     2 ||     2
Armor: Skin              |     6 |    17 ||    23
Dodge: Dodged            |    18 |    49 ||    67

Table legend: (Time is in decaauts)
 A = Elapsed time spent in this place.
 B = Non-inter-level travel time spent in this place.
 C = Inter-level travel time spent in this place.
 D = Time resting spent in this place.
 E = Time spent auto-exploring this place.
 F = Levels seen in this place.
 G = Mean time per level.
                   A        B        C        D        E       F      G
               +--------+--------+--------+--------+--------+-----+--------+
         Total |   4200 |   4091 |    109 |    190 |   3416 |   4 | 1050.0 |
       Dungeon |   4200 |   4091 |    109 |    190 |   3416 |   4 | 1050.0 |
               +--------+--------+--------+--------+--------+-----+--------+

Top non-repeatable levels by time:
     D:1: 1313 daAuts
     D:2: 1055 daAuts
     D:4: 1002 daAuts
     D:3: 828 daAuts
